Map: Dusk Towers

Players

DarkZero

  • Race: Protoss Protoss
  • League: Master

BunnyWillis - Winner!

  • Race: Terran Terran
  • League: Grandmaster

VOD

Have the link to the VOD?

Description

Time

  • Played on: Nov. 22, 2015, 5:33 p.m.
  • Length: 6:51
Show
View Real Time Build Order
Export as new Build Order

DarkZero Protoss 

Build Orders:  

Get SALT Encoding   

  12  0:01  Probe (Chrono Boost)  
  13  0:11  Probe (Chrono Boost)  
  14  0:18  Pylon  
  14  0:22  Probe (Chrono Boost)  
  15  0:36  Probe (Chrono Boost)  
  15  0:37  Gateway  
  16  0:47  Probe (Chrono Boost)  
  16  0:48  Assimilator  
  17  0:54  Assimilator  
  17  0:57  Probe (Chrono Boost)  
  18  1:08  Probe (Chrono Boost), Pylon  
  20  1:18  Probe (Chrono Boost)  
  20  1:24  Cybernetics Core  
  20  1:29  Probe (Chrono Boost)  
  21  1:40  Probe (Chrono Boost)  
  22  1:52  Probe (Chrono Boost)  
  23  2:01  Nexus  
  23  2:04  Warp Gate  
  23  2:10  Mothership Core (Chrono Boost)  
  25  2:18  Stalker  
  27  2:29  Probe (Chrono Boost)  
  28  2:35  Pylon  
  28  2:39  Probe (Chrono Boost)  
  28  2:42  Robotics Facility  
  30  2:51  Probe (Chrono Boost)  
  30  3:01  Pylon  
  30  3:04  Probe (Chrono Boost)  
  31  3:14  Probe (Chrono Boost)  
  31  3:16  Probe (Chrono Boost)  
  33  3:23  Gateway  
  33  3:26  Gateway  
  33  3:28  Gateway  
  33  3:38  Warp Prism (Chrono Boost)  
  35  3:49  Probe  
  35  3:51  Probe  
  37  4:01  Probe  
  38  4:03  Probe  
  38  4:08  Adept  
  41  4:11  Observer (Chrono Boost)  
  41  4:16  Probe  
  42  4:17  Probe  
  42  4:18  Pylon  
  44  4:25  Adept x3  
  44  4:26  Probe  
  44  4:29  Probe  
  52  4:35  Assimilator  
  52  4:37  Probe, Assimilator  
  52  4:43  Probe, Robotics Bay  
  52  4:44  Observer (Chrono Boost)  
  55  4:48  Probe  
  56  4:55  Probe  
  56  4:58  Probe  
  58  5:10  Adept x3  
  58  5:29  Probe  
  58  5:30  Probe, Disruptor (Chrono Boost)  
  59  5:40  Probe  
  59  5:41  Nexus  
  60  5:44  Pylon  
  60  5:46  Pylon  
  60  5:59  Probe  
  60  6:00  Twilight Council, Probe  
  60  6:02  Forge  
  62  6:04  Gateway  
  62  6:05  Forge, Pylon  
  62  6:07  Pylon  
  62  6:09  Adept x2  
  66  6:11  Adept  
  68  6:24  Probe  
  71  6:25  Probe  
  73  6:37  Adept x3  
  73  6:38  Probe  
  78  6:44  Stalker  
Show
View Real Time Build Order
Export as new Build Order

BunnyWillis Terran - Winner!

Build Orders: Reaper Expand 

Get SALT Encoding   

  12  0:01  SCV  
  13  0:13  SCV  
  14  0:18  Supply Depot  
  14  0:25  SCV  
  15  0:39  SCV  
  16  0:43  Barracks  
  16  0:47  Refinery  
  16  0:52  SCV  
  17  1:04  SCV  
  18  1:16  SCV  
  19  1:29  Orbital Command  
  19  1:30  Reaper  
  20  1:46  Command Center  
  20  1:55  SCV  
  21  2:01  Supply Depot  
  21  2:02  Barracks Reactor  
  21  2:07  SCV  
  22  2:19  SCV  
  22  2:20  Barracks  
  23  2:27  Factory  
  23  2:28  Refinery  
  23  2:31  SCV  
  24  2:40  Marine x2  
  24  2:43  SCV  
  27  2:55  SCV  
  27  2:58  Marine x2, Orbital Command  
  30  3:07  Barracks Tech Lab  
  30  3:08  SCV  
  30  3:10  Factory Tech Lab  
  31  3:18  Supply Depot  
  31  3:20  SCV  
  31  3:23  Marine x2  
  31  3:25  Marine  
  31  3:26  SCV, Stimpack  
  36  3:32  SCV  
  37  3:35  Cyclone  
  37  3:39  SCV  
  37  3:40  Marine  
  42  3:42  Marine  
  42  3:43  Marine  
  42  3:44  SCV  
  44  3:51  SCV  
  44  3:54  Supply Depot  
  45  3:56  SCV  
  45  3:58  Marine  
  49  4:03  Marauder  
  49  4:04  Supply Depot, Marine  
  49  4:06  SCV  
  49  4:08  SCV  
  52  4:15  Cyclone  
  55  4:17  Supply Depot  
  55  4:19  SCV  
  55  4:20  SCV  
  55  4:21  Marine x2  
  59  4:26  Marauder  
  59  4:30  Starport  
  61  4:33  Refinery  
  61  4:38  SCV x2  
  63  4:41  Marine x2  
  65  4:47  Marauder  
  65  4:50  SCV x2  
  69  4:54  Engineering Bay  
  69  4:57  Supply Depot  
  69  4:58  Factory Reactor  
  69  5:01  Marine x2  
  69  5:02  SCV  
  69  5:07  SCV  
  61  5:14  SCV  
  61  5:18  Marine, Marauder  
  61  5:19  SCV, Marine  
  65  5:29  SCV  
  65  5:34  SCV  
  65  5:42  Marine  
  65  5:43  Medivac, Marine x2  
  65  5:44  Medivac  
  65  5:47  SCV  
  65  5:48  SCV  
  74  5:52  Refinery  
  74  6:00  SCV  
  74  6:01  Marauder  
  74  6:03  Supply Depot  
  77  6:05  Supply Depot  
  77  6:07  Marine x2  
  77  6:10  SCV  
  80  6:12  SCV  
  80  6:15  Supply Depot  
  81  6:22  SCV  
  81  6:24  SCV  
  81  6:25  Barracks  
  83  6:30  Marine  
  83  6:31  Marine  
  89  6:37  SCV  
Tags
 
Add a new tag
Caveats
  • Supply blocks, unpowered buildings, or Contaminate may cause inaccurate times.
  • Supply counts are checked every 10 seconds.